 Dungeon Crawl Stone Soup version 0.29-a0-559-g359e09b9d1 (webtiles) character file.

Game seed: 8951178866218290361

66 DocClef the Covert (level 4, -4/41 HPs)
             Began as a Gnoll Delver on June 9, 2022.
             Slain by a scorpion (5 damage)
             ... on level 5 of the Dungeon.
             The game lasted 00:00:12 (276 turns).

DocClef the Covert (Gnoll Delver)                    Turns: 276, Time: 00:00:13

Health: -4/41      AC:  3    Str: 12    XL:     4   Next: 15%
Magic:  5/5        EV: 13    Int:  9    God:
Gold:   6          SH:  0    Dex: 15    Spells: 5/5 levels left

rFire   . . .      SeeInvis .   a - +0 short sword
rCold   . . .      Faith    .   (no shield)
rNeg    . . .      Spirit   .   b - +0 leather armour
rPois   .          Reflect  .   (no helmet)
rElec   .          Harm     .   (no cloak)
rCorr   .          Rampage  .   (no gloves)
Will    .....                   (no boots)
Stlth   ++++......              (no amulet)
HPRegen 0.13/turn               (no ring)
MPRegen 0.09/turn               (no ring)

@: lethally poisoned (-4 -> -12)
A: fangs 1, strong nose, distributed training
a: no special abilities


You were on level 5 of the Dungeon.
You visited 1 branch of the dungeon, and saw 1 of its levels.

You collected 6 gold pieces.

Inventory:

Hand Weapons
 a - a +0 short sword (weapon)
Armour
 b - a +0 leather armour (worn)
Wands
 g - a wand of digging (3)
Scrolls
 c - 2 scrolls of fog
 d - a scroll of magic mapping
 e - a scroll of fear
Potions
 f - a potion of haste


   Skills:
 + Level 6.6 Fighting
 + Level 4.6 Short Blades
 + Level 1.0 Long Blades
 + Level 1.0 Axes
 + Level 1.0 Maces & Flails
 + Level 1.0 Polearms
 + Level 1.0 Staves
 + Level 1.0 Slings
 + Level 1.0 Bows
 + Level 1.0 Crossbows
 + Level 1.0 Throwing
 + Level 1.0 Armour
 + Level 4.6 Dodging
 + Level 9.6 Stealth
 + Level 1.0 Shields
 + Level 1.0 Unarmed Combat
 + Level 1.0 Spellcasting
 + Level 0.8 Conjurations
 + Level 0.8 Hexes
 + Level 0.8 Summonings
 + Level 0.8 Necromancy
 + Level 0.8 Translocations
 + Level 0.8 Transmutations
 + Level 0.8 Fire Magic
 + Level 0.8 Ice Magic
 + Level 0.8 Air Magic
 + Level 0.8 Earth Magic
 + Level 0.8 Poison Magic
 + Level 1.1 Invocations
 + Level 1.0 Evocations


You had 5 spell levels left.
You didn't know any spells.
Your spell library was empty.

Dungeon Overview and Level Annotations

Branches:
Dungeon (5/15)
 Temple: D:4-7

Altars:


Innate Abilities, Weirdness & Mutations

You have very sharp teeth.
Your uncanny sense of smell can sniff out nearby items.
Your experience applies equally to all skills.


Message History

The scorpion is heavily wounded.
You feel very sick. The scorpion stings you!
You are lethally poisoned!
The scorpion poisons you!
You are too injured to fight recklessly!
You are too injured to fight recklessly!
You are too injured to fight recklessly!
You are too injured to fight recklessly!
You are too injured to fight recklessly!
You are too injured to fight recklessly!
You are too injured to fight recklessly!
You are too injured to fight recklessly!
You are too injured to fight recklessly!
You are too injured to fight recklessly!
You are too injured to fight recklessly!
You are too injured to fight recklessly!
You are too injured to fight recklessly!
You are too injured to fight recklessly!
You are too injured to fight recklessly!
You are too injured to fight recklessly!
* * * LOW HITPOINT WARNING * * *
You feel very sick. The scorpion closely misses you.
You hit the scorpion. Your bite misses the scorpion.
The scorpion is heavily wounded.
* * * LOW HITPOINT WARNING * * *
You feel very sick. The scorpion closely misses you.
You hit the scorpion.
You bite the scorpion, but do no damage.
The scorpion is severely wounded.
* * * LOW HITPOINT WARNING * * *
You feel very sick. The scorpion closely misses you.
You barely miss the scorpion.
The scorpion is severely wounded.
* * * LOW HITPOINT WARNING * * *
You feel sick. The scorpion stings you.
You die...

....# .....#
......## .......#
......##
......##########..
##..............
#......@s.......
##.############r
##..# #...# #...#
#...## #....#
#####....#
.........#


You could see a scorpion.

Vanquished Creatures
  A scorpion (D:5)
  An adder (D:5)
  A quokka (D:5)
3 creatures vanquished.

Notes
Turn   | Place    | Note
-------+----------+-------------------------------------------
     0 | D:5      | Reached skill level 9 in Stealth
     0 | D:5      | DocClef the Gnoll Delver began the quest for the Orb.
     0 | D:5      | Reached XP level 1. HP: 23/23 MP: 1/1
   100 | D:5      | Noticed a scorpion
   102 | D:5      | Killed a scorpion
   103 | D:5      | Reached skill level 1 in Long Blades
   103 | D:5      | Reached skill level 1 in Axes
   103 | D:5      | Reached skill level 1 in Maces & Flails
   103 | D:5      | Reached skill level 1 in Polearms
   103 | D:5      | Reached skill level 1 in Staves
   103 | D:5      | Reached skill level 1 in Slings
   103 | D:5      | Reached skill level 1 in Bows
   103 | D:5      | Reached skill level 1 in Crossbows
   103 | D:5      | Reached skill level 1 in Throwing
   103 | D:5      | Reached skill level 1 in Armour
   103 | D:5      | Reached skill level 1 in Shields
   103 | D:5      | Reached skill level 1 in Unarmed Combat
   103 | D:5      | Reached skill level 1 in Spellcasting
   103 | D:5      | Reached skill level 1 in Invocations
   103 | D:5      | Reached skill level 1 in Evocations
   103 | D:5      | Reached XP level 2. HP: 29/29 MP: 1/3
   103 | D:5      | Reached XP level 3. HP: 35/35 MP: 1/4
   103 | D:5      | Reached XP level 4. HP: 41/41 MP: 1/5
   260 | D:5      | Noticed a scorpion
   276 | D:5      | HP: 1/41 [poisoned by a scorpion]
   276 | D:5      | Slain by a scorpion

Illustrated notes

Levels and vault maps discovered:
D:5:      layout_cave_pods, grunt_dithmenos_smoke, mainiacjoe_overflow_alcove_4,
          jmf_multi_god_temple, minmay_misc_feat_tower,
          nicolae_concentric_dashed_squares_wild,
          hangedman_abyss_or_decor_stagger

Skill      XL: |  1 |
---------------+----+-----
Stealth        | |  9.6
Long Blades    | 1 |  1.0
Axes           | 1 |  1.0
Maces & Flails | 1 |  1.0
Polearms       | 1 |  1.0
Staves         | 1 |  1.0
Slings         | 1 |  1.0
Bows           | 1 |  1.0
Crossbows      | 1 |  1.0
Throwing       | 1 |  1.0
Armour         | 1 |  1.0
Shields        | 1 |  1.0
Unarmed Combat | 1 |  1.0
Spellcasting   | 1 |  1.0
Invocations    | 1 |  1.1
Evocations     | 1 |  1.0
Fighting       | |  6.6
Short Blades   | |  4.6
Dodging        | |  4.6
Conjurations   | |  0.8
Hexes          | |  0.8
Summonings     | |  0.8
Necromancy     | |  0.8
Translocations | |  0.8
Transmutations | |  0.8
Fire Magic     | |  0.8
Ice Magic      | |  0.8
Air Magic      | |  0.8
Earth Magic    | |  0.8
Poison Magic   | |  0.8

Action                   |  1- 3 |  4- 6 || total
-------------------------+-------+-------++-------
Melee: Short sword       |     2 |    22 ||    24
       Bite              |       |     5 ||     5
 Stab: Sleeping          |     2 |       ||     2
Armor: Leather armour    |       |     1 ||     1
Dodge: Dodged            |       |    15 ||    15

Table legend: (Time is in decaauts)
 A = Elapsed time spent in this place.
 B = Non-inter-level travel time spent in this place.
 C = Inter-level travel time spent in this place.
 D = Time resting spent in this place.
 E = Time spent auto-exploring this place.
 F = Levels seen in this place.
 G = Mean time per level.
                   A        B        C        D        E       F      G
               +--------+--------+--------+--------+--------+-----+--------+
         Total |    272 |    272 |      0 |      0 |    239 |   1 |  272.0 |
       Dungeon |    272 |    272 |      0 |      0 |    239 |   1 |  272.0 |
               +--------+--------+--------+--------+--------+-----+--------+

Top non-repeatable levels by time:
     D:5: 272 daAuts
